Map: Alcyone LE

Players

A.I. 1 (Very Easy) - Winner!

  • Race: Protoss Protoss
  • Spawn Location: 1:00

Terradin

  • Race: Terran Terran
  • Spawn Location: 7:00

VOD

Have the link to the VOD?

Description

Time

  • Played on: Oct. 5, 2023, 3:58 a.m.
  • Length: 13:01
Show
View Real Time Build Order
Export as new Build Order

A.I. 1 (Very Easy) Protoss - Winner!

Build Orders:  

Get SALT Encoding   

  12  0:00  Probe  
  13  0:13  Probe  
  14  0:19  Pylon  
  14  0:37  Assimilator  
  14  0:42  Gateway  
  14  0:45  Pylon  
  14  1:13  Assimilator  
  14  1:17  Probe  
  14  1:25  Probe  
  16  1:33  Cybernetics Core, Probe  
  17  1:44  Probe  
  18  1:55  Probe  
  18  1:59  Warp Gate  
  19  2:03  Probe  
  20  2:11  Stalker  
  22  5:22  Probe  
  22  5:25  Zealot  
  25  5:28  Pylon  
  25  5:30  Robotics Facility, Probe  
  26  5:38  Probe  
  27  5:47  Probe  
  27  5:55  Probe  
  28  5:57  Pylon  
  27  6:13  Observer  
  27  6:18  Zealot  
  30  6:31  Observer  
  31  7:04  Nexus  
  31  7:11  Stalker  
  33  8:15  Probe  
  34  8:22  Probe  
  35  8:27  Probe  
  35  8:28  Assimilator  
  35  8:31  Assimilator  
  36  8:34  Probe  
  37  8:45  Probe  
  38  8:53  Probe  
  39  9:00  Probe  
  40  9:07  Probe  
  40  9:09  Stalker  
  43  9:14  Probe  
  41  9:21  Probe  
  24  9:26  Probe  
  7  9:36  Probe  
  7  9:37  Zealot  
  9  9:39  Probe  
  9  9:50  Probe  
  8  9:57  Probe  
  7  10:04  Probe  
  7  10:06  Immortal  
  11  10:11  Probe  
  11  10:19  Probe  
  11  10:22  Probe  
  11  10:30  Probe  
  11  10:34  Stalker  
  14  10:37  Probe  
  14  10:43  Probe  
  14  10:46  Observer  
  16  10:54  Probe  
  16  10:56  Gateway  
  16  11:00  Stalker  
  16  11:02  Probe  
  19  11:06  Warp Prism, Robotics Bay  
  19  11:09  Probe  
  22  11:15  Stargate  
  22  11:16  Probe  
  21  11:24  Probe  
  22  11:26  Sentry  
  22  11:31  Probe  
  25  11:35  Probe  
  22  11:42  Warp Prism  
  15  11:49  Gateway, Probe  
  15  11:52  Stalker  
  15  11:53  Gravitic Boosters  
  17  12:01  Probe  
  16  12:13  Probe  
  12  12:18  Zealot  
  12  12:25  Probe  
  2  12:44  Sentry  
Show
View Real Time Build Order
Export as new Build Order

Terradin Terran 

Build Orders: 2 Factory, Cyclone Opening, Mech 

Get SALT Encoding   

  12  0:00  SCV  
  13  0:12  SCV  
  14  0:17  Supply Depot  
  15  0:28  SCV  
  15  0:40  SCV  
  15  0:42  Barracks  
  16  0:45  Refinery  
  16  0:52  SCV  
  17  1:04  SCV  
  18  1:17  SCV  
  19  1:29  Orbital Command  
  19  1:30  Marine  
  20  1:43  Command Center  
  20  1:54  SCV  
  20  1:57  Barracks Reactor  
  21  2:03  Supply Depot  
  21  2:06  SCV  
  22  2:11  Factory  
  22  2:18  SCV  
  23  2:30  Bunker  
  23  2:31  SCV  
  23  2:33  Marine, Refinery  
  23  2:36  Marine  
  26  2:43  SCV  
  26  2:54  Marine x2  
  26  2:55  SCV  
  26  2:56  Cyclone  
  31  3:06  Orbital Command  
  31  3:07  SCV  
  32  3:19  SCV  
  33  3:21  Factory  
  33  3:27  Barracks Tech Lab  
  33  3:31  SCV, Supply Depot  
  34  3:37  SCV  
  34  3:41  Cyclone  
  37  3:43  SCV  
  37  3:46  Cyclone  
  40  3:49  SCV  
  40  3:55  SCV, Engineering Bay  
  42  4:01  SCV  
  43  4:04  Supply Depot  
  43  4:07  SCV  
  44  4:13  SCV  
  44  4:14  Hurricane Engines  
  44  4:15  Cyclone  
  47  4:17  Cyclone  
  47  4:19  SCV  
  50  4:25  SCV  
  50  4:27  Supply Depot  
  50  4:28  Missile Turret  
  51  4:32  SCV  
  51  4:37  Cyclone, SCV  
  55  4:44  SCV  
  56  4:47  Command Center  
  56  4:49  SCV  
  57  4:56  SCV  
  57  4:58  Cyclone, Refinery  
  60  5:00  Refinery  
  60  5:01  SCV  
  60  5:02  Cyclone  
  63  5:11  SCV  
  63  5:12  Supply Depot  
  63  5:13  SCV  
  67  5:14  Cyclone, Supply Depot  
  67  5:23  SCV  
  67  5:24  Factory  
  67  5:26  SCV  
  69  5:28  Barracks Reactor  
  70  5:35  SCV  
  70  5:38  Cyclone x2, SCV  
  75  5:46  Cyclone  
  75  5:47  SCV  
  78  5:50  Supply Depot, SCV  
  78  5:51  Supply Depot  
  78  5:54  Factory  
  78  5:56  Factory  
  79  6:01  Orbital Command  
  79  6:05  Ghost Academy  
  79  6:16  Cyclone x2  
  79  6:17  Barracks Tech Lab, SCV  
  84  6:18  SCV, Supply Depot  
  84  6:23  Orbital Command  
  84  6:24  Infernal Pre-Igniter  
  85  6:29  SCV  
  85  6:31  SCV  
  87  6:41  Cyclone, SCV  
  87  6:43  Refinery  
  90  6:47  Factory Tech Lab x2, Refinery  
  90  6:52  Cyclone, Sensor Tower  
  90  6:53  SCV  
  95  7:00  SCV x2  
  97  7:08  SCV  
  98  7:11  Siege Tank x2  
  98  7:12  SCV  
  98  7:14  Hellion x2  
  109  7:17  Unknown  
  109  7:18  Supply Depot  
  109  7:19  SCV  
  109  7:20  SCV  
  109  7:21  Siege Tank  
  114  7:24  SCV  
  115  7:31  SCV  
  115  7:32  SCV  
  115  7:33  Supply Depot  
  115  7:34  Hellion x2  
  115  7:36  Supply Depot  
  123  7:39  Supply Depot  
  123  7:45  SCV x2  
  123  7:46  SCV  
  123  7:47  Armory  
  123  7:48  Siege Tank x2  
  132  7:55  Hellion x2  
  132  7:57  SCV x2, Supply Depot  
  132  7:58  SCV  
  139  8:00  Supply Depot  
  139  8:02  Unknown  
  139  8:09  Command Center, SCV  
  139  8:10  Siege Tank, SCV x2  
  139  8:12  Hellion x2  
  151  8:41  Unknown  
  151  8:51  Hellion  
  151  8:52  Hellion x3  
  159  8:59  Siege Tank x3  
  159  9:00  SCV x3  
  173  9:15  Hellion  
  173  9:20  SCV x3  
  173  9:21  Hellion x3  
  182  9:28  Unknown  
  178  9:33  SCV  
  179  9:42  Siege Tank x3  
  188  9:50  Factory  
  188  9:55  Factory x2, Supply Depot  
  188  10:01  Command Center  
  188  10:02  Command Center  
  188  10:15  Terran Vehicle Weapons Level 1  
  188  10:17  Hellion x3  
  188  10:19  Planetary Fortress  
  196  10:38  Refinery  
  196  10:39  Refinery  
  196  10:45  Unknown  
  196  10:47  Factory Reactor  
  196  10:57  Factory Tech Lab  
  196  10:58  Factory Tech Lab  
  196  10:59  Hellion  
  196  11:13  Siege Tank  
  199  12:02  Siege Tank  
  199  12:08  Hellion  
  200  12:25  Supply Depot  
  200  12:27  Supply Depot x3  
  200  12:29  Supply Depot  
  200  12:50  Missile Turret  
  200  12:52  Missile Turret  
  200  12:53  Unknown  
Tags
 
Composition
Mech
Matchup
PvT
Spawn Locations
Cross Positions
Add a new tag
Caveats
  • Supply blocks, unpowered buildings, or Contaminate may cause inaccurate times.
  • Supply counts are checked every 10 seconds.